cohdb
Replays
Latest Replays
All Replays
Popular Replays
Top Player Replays
Match Explorer
How It Works
Community
CoH3 Stats
Reddit
Sign in to upload your games and track your stats! →
Sign in with Steam
Match 40838010
Unlisted
Match 40838010
Overview
Messages
Build Orders
End
Construct Section Command Post
Dingo Light Scout Car
Infantry Section
Infantry Section
Infantry Section
Construct Platoon Command Post
Unlock M3 Stuart Light Tanks
Vickers Machine Gun Team
M3 Stuart Light Tank
M3 Stuart Light Tank
Construct Field Infirmary
Light Vehicle Training
M3 Stuart Light Tank
Selects Canadian Shock Battlegroup
Selects Incendiary Munitions
Selects Pyrotechnics
Construct Company Command Post
AI Takeover
カルト_くん
iPlayThisNaked
KrysKryngles
Slrig
Victor #52
Hawkkinson
moohey
[PBSr]Confident Pwoh
0
0
Comments
sign in to comment!
No comments posted yet!